 Dungeon Crawl Stone Soup version 0.15.0-18-g9076a4f (webtiles) character file.

123 Leibowitz the Insei (level 4, -3/37 HPs)
             Began as a Demonspawn Monk on Sept 7, 2014.
             Slain by an orc priest
             ... wielding a +0 short sword of electrocution
              (16 damage)
             ... on Level 3 of the Dungeon.
             The game lasted 00:09:19 (2258 turns).

Leibowitz the Insei (Demonspawn Monk)               Turns: 2258, Time: 00:09:19

HP  -3/37        AC  6     Str 16      XL: 4   Next: 80%
MP   4/4         EV 13     Int 12      God:
Gold 158         SH  0     Dex 16      Spells:  0 memorised,  3 levels left

rFire  . . .     SeeInvis .       - Unarmed
rCold  . . .     Clarity  .     s - +0 leather armour
rNeg   . . .     rCorr    +     (no shield)
rPois  .         rRot     .     (no helmet)
rElec  .         Spirit   .     h - +0 cloak
SustAb +         Warding  .     (no gloves)
rMut   .         Stasis   .     (no boots)
Gourm  .                        p - amulet of resist corrosion
MR     .....                    (no ring)
                                e - ring of sustain abilities

@: mighty, not resistant to hostile enchantments, unstealthy
A: thin metallic scales 1, demonic guardian 1
a: no special abilities


You were on level 3 of the Dungeon.
You were not hungry.

You visited 1 branch of the dungeon, and saw 3 of its levels.

You collected 158 gold pieces.

Inventory:

Missiles
 l - 6 needles of confusion
 q - 2 throwing nets (quivered)
Armour
 h - a +0 cloak (worn)
 s - a +0 leather armour (worn)
Magical devices
 n - a wand of fireball (3) {unknown}
Comestibles
 b - 2 bread rations
 o - 2 rotting chunks of hobgoblin flesh
 r - 3 rotting chunks of hobgoblin flesh
Scrolls
 c - a scroll of remove curse
 d - a scroll of blinking {unknown}
 f - a scroll of immolation {unknown}
 g - a scroll of teleportation {unknown}
 i - 2 scrolls of enchant weapon {unknown}
 j - 2 scrolls of amnesia {unknown}
 k - a scroll of magic mapping {unknown}
 m - a scroll of fear {unknown}
 t - a scroll of identify {unknown}
Jewellery
 e - a ring of sustain abilities (left hand)
 p - an amulet of resist corrosion (around neck)


   Skills:
 + Level 3.7 Fighting
 + Level 3.5 Dodging
 + Level 2.4 Stealth
 + Level 4.3 Unarmed Combat


You had 3 spell levels left.
You didn't know any spells.

Dungeon Overview and Level Annotations

Branches:
Dungeon (3/15)

Altars:


Innate Abilities, Weirdness & Mutations

You are partially covered in thin metallic scales (AC +2).
A weak demonic guardian rushes to your aid.


Message History

There is a stone staircase leading down here.
An orc and an orc priest come into view.
The orc shouts!
The orc priest shouts!
An adder and an orc come into view.
Drink which item? (? for menu, Esc to quit)
Okay, then.
Drink which item? (? for menu, Esc to quit)
You feel very mighty all of a sudden.
It was a potion of might.
You punch the orc priest!
The orc priest is heavily wounded.
The orc priest hits you with a runed short sword.
You are electrocuted!
You hit the orc priest.
The orc priest is almost dead.
You punch the orc!
You kill the orc!
The orc priest hits you with a short sword of electrocution.
You are electrocuted!
You die...
So

#o #. #. #. #. #..
#.#### .. #...o#
###.#######@#
..(.........>##########
####.##.###..........#
#.##.# #.########.#
#...(# #.# #.....#
#..### #.# #.#####
#.#####..## #.# #..<..#
#.........# #.# #######
#########.####.#


You could see an orc priest.

Vanquished Creatures
  Crazy Yiuf (D:2)
  An adder (D:2)
  3 gnolls (D:2)
  3 worms (D:2)
  2 giant geckos (D:2)
  An ooze (D:1)
  An orc (D:3)
  7 bats
  A giant cockroach (D:2)
  9 goblins
  4 hobgoblins
  A quokka (D:2)
  6 giant newts
  5 kobolds
  4 rats
49 creatures vanquished.

Vanquished Creatures (others)
  A crimson imp (D:2)
  An iron imp (D:2)
2 creatures vanquished.

Grand Total: 51 creatures vanquished

Notes
Turn   | Place    | Note
--------------------------------------------------------------
     0 | D:1      | Leibowitz, the Demonspawn Monk, began the quest for the Orb.
     0 | D:1      | Reached XP level 1. HP: 18/18 MP: 1/1
   181 | D:1      | Gained mutation: A weak demonic guardian rushes to your aid. [demonic ancestry]
   181 | D:1      | Reached XP level 2. HP: 22/24 MP: 2/2
   785 | D:2      | Reached skill level 4 in Unarmed Combat
   785 | D:2      | Gained mutation: You are partially covered in thin metallic scales (AC +2). [demonic ancestry]
   785 | D:2      | Reached XP level 3. HP: 25/29 MP: 3/3
  1544 | D:2      | Reached XP level 4. HP: 24/35 MP: 4/4
  1718 | D:2      | Noticed Crazy Yiuf
  1723 | D:2      | Killed Crazy Yiuf
  2258 | D:3      | Slain by an orc priest

Action                   |  1- 3 |  4- 6 || total
-------------------------+-------+-------++-------
Melee: Unarmed           |   154 |    56 ||   210
  Use: Potion            |     1 |     1 ||     2
       Scroll            |       |     1 ||     1
 Stab: Sleeping          |     5 |       ||     5
       Distracted        |       |     1 ||     1
  Eat: Chunk             |     1 |       ||     1
       Bread ration      |       |     1 ||     1
